 Dungeon Crawl Stone Soup version 0.24.0-123-gd5b16e6ec5 (webtiles) character file.

Game seed: 12423178372741334410, levelgen mode: deterministic

3079 ReteAZ the Cleaver (level 9, -8/81 HPs)
             Began as a Deep Dwarf Fighter on Jan 4, 2020.
             Was a Priest of Makhleb.
             Mangled by a phantasmal warrior (10 damage)
             ... led by a death knight
             ... on level 8 of the Dungeon.
             The game lasted 00:18:39 (5767 turns).

ReteAZ the Cleaver (Deep Dwarf Fighter)             Turns: 5767, Time: 00:18:40

Health: -8/81      AC: 13    Str: 23    XL:     9   Next: 58%
Magic:  6/6        EV:  5    Int:  9    God:    Makhleb [***...]
Gold:   500        SH: 11    Dex: 12    Spells: 8/8 levels left

rFire    . . .     SeeInvis .   a - +1 war axe
rCold    + . .     Gourm    .   c - +1 shield
rNeg     . . .     Faith    .   i - +0 plate armour
rPois    .         Spirit   .   (no helmet)
rElec    .         Reflect  .   t - +0 cloak
rCorr    .         Harm     .   (no gloves)
MR       +++..                  (no boots)
Stlth    ..........             (no amulet)
HPRegen  0.00/turn              v - ring of protection from magic
MPRegen  0.10/turn              u - ring of Alliomil {rC+ MR+}

@: non-regenerating
A: damage resistance, heal wounds, talons 1, sense surroundings 2, MP-powered
wands, no regeneration
a: Heal Wounds, Minor Destruction, Lesser Servant of Makhleb, Renounce Religion


You were on level 8 of the Dungeon.
You worshipped Makhleb.
Makhleb was most pleased with you.
You were not hungry.

You visited 1 branch of the dungeon, and saw 8 of its levels.

You collected 500 gold pieces.

Inventory:

Hand Weapons
 a - a +1 war axe (weapon)
Missiles
 q - 28 poisoned darts (quivered)
Armour
 b - a +0 scale mail
 c - a +1 shield (worn)
 i - a +0 plate armour (worn)
 r - a +0 chain mail
 t - a +0 cloak (worn)
 x - a +3 ring mail of magic resistance
Jewellery
 e - an uncursed amulet of rage {unknown}
 g - an uncursed ring of wizardry
 u - the ring of Alliomil (right hand) {rC+ MR+}
   (You found it on level 4 of the Dungeon)

   [ring of protection from cold]

   It protects you from cold.
   It affects your resistance to hostile enchantments.
 v - a ring of protection from magic (left hand)
Wands
 D - a wand of polymorph (6)
Scrolls
 h - 8 scrolls of identify
 k - 2 scrolls of enchant armour
 n - a scroll of noise
 s - a scroll of blinking
 w - a scroll of random uselessness {unknown}
Potions
 d - 2 potions of heal wounds
 j - 3 potions of degeneration
 l - 3 potions of flight
 o - a potion of agility
 p - 3 potions of cancellation
 B - a potion of ambrosia
Comestibles
 f - 13 rations
 m - 6 chunks of flesh


   Skills:
 - Level 5.0 Fighting
 * Level 12.0 Axes
 - Level 5.1 Armour
 - Level 0.4 Dodging
 - Level 6.1 Shields


You had 8 spell levels left.
You didn't know any spells.
Your spell library contained the following spells:

 Spells                   Type           Power        Failure   Level  Hunger
 Beastly Appendage        Tmut           #.....       100%        1    ##.....
 Summon Butterflies       Summ           #.......     100%        1    ##.....
 Sticks to Snakes         Tmut           #.......     100%        2    ###....
 Spider Form              Tmut/Pois      #.........   100%        3    ####...
 Ice Form                 Ice/Tmut       #.......     100%        4    #####..
 Blade Hands              Tmut           #.........   100%        5    ######.


Dungeon Overview and Level Annotations

Branches:
Dungeon (8/15)             Temple (0/1) D:6
   Lair: D:8-11

Altars:
Dithmenos
Gozag
Hepliaklqana
Kikubaaqudgha
Makhleb
Nemelex Xobeh
Okawaru
Qazlal
Ru
Sif Muna
Vehumet
Zin
The Shining One


Innate Abilities, Weirdness & Mutations

You are resistant to damage.
You can heal yourself by infusing magical energy.
You passively map the area around you.
You do not regenerate.
You have sharp toenails.
You expend magic power (3 MP) to strengthen your wands.


Message History

Found an escape hatch in the floor.
A death knight, 2 freezing wraiths and a phantasmal warrior come into view.
The death knight shouts!
Found 11 poisoned darts.
There is an escape hatch in the floor here.
The freezing wraith hits you. The freezing wraith freezes you. You resist.
* * * LOW HITPOINT WARNING * * *
The freezing wraith hits you!
* * * LOW HITPOINT WARNING * * *
The death knight hits you from afar with a +0 glaive!
* * * LOW HITPOINT WARNING * * *
You slash the freezing wraith!
The freezing wraith is moderately damaged.
The phantasmal warrior blinks!
The freezing wraith barely misses you. You block the freezing wraith's attack.
Unknown command.
The phantasmal warrior blinks!
There is an escape hatch in the floor here.
The phantasmal warrior hits you!
You die...

* #.# ** , *
## #.# * , ,.
#.# ***
****#.#.# *
#.#.#######
,,, ,,
#.......... *
###.#######**
#.#
#@######## *
#.WpW.W§..
########## *
* *


You could see a death knight, a phantasmal warrior and 2 freezing wraiths.

Vanquished Creatures
  Sigmund (D:6)
  A hungry ghost (D:7)
  Duvessa (D:7)
  3 orc warriors
  A phantom (D:6)
  2 ice beasts (D:5)
  2 sky beasts (D:7)
  A necrophage (D:6)
  2 ogres (D:5)
  A centaur (D:5)
  4 bullfrogs
  A scorpion (D:4)
  Dowan (D:7)
  5 killer bees (D:5)
  2 howler monkeys (D:5)
  2 crimson imps
  A jelly (D:7)
  2 centaur zombies
  2 orc priests
  A centaur skeleton (D:5)
  6 hounds
  8 orc wizards
  2 iguanas
  3 worker ants
  4 gnolls
  7 adders
  A shadow imp (D:7)
  3 oozes
  An adder skeleton (D:6)
  2 worms (D:2)
  2 dart slugs
  3 leopard geckos
  9 orcs
  9 bats
  9 giant cockroaches
  4 goblins
  7 hobgoblins
  4 jackals (D:1)
  6 kobolds
  2 quokkas
  4 ball pythons
  4 frilled lizards
  A leopard gecko skeleton (D:4)
  6 rats
143 creatures vanquished.

Notes
Turn   | Place    | Note
-------+----------+-------------------------------------------
     0 | D:1      | ReteAZ the Deep Dwarf Fighter began the quest for the Orb.
     0 | D:1      | Reached XP level 1. HP: 20/20 MP: 1/1
   107 | D:1      | You fall into a shaft and drop 1 floor!
   194 | D:3      | Found a burning altar of Makhleb.
   194 | D:3      | Noticed a crimson imp
   204 | D:3      | Killed a crimson imp
   204 | D:3      | Reached XP level 2. HP: 28/28 MP: 2/2
   204 | D:3      | Reached XP level 3. HP: 34/34 MP: 3/3
   206 | D:3      | Became a worshipper of Makhleb the Destroyer
   382 | D:3      | Reached skill level 3 in Axes
   443 | D:2      | Reached XP level 4. HP: 42/42 MP: 3/3
   718 | D:1      | Reached * piety under Makhleb
  1474 | D:2      | Reached skill level 4 in Axes
  1474 | D:2      | Reached XP level 5. HP: 33/49 MP: 3/3
  1777 | D:3      | Found a stormy altar of Qazlal.
  1842 | D:3      | Found a sacrificial altar of Ru.
  1958 | D:3      | Reached ** piety under Makhleb
  1992 | D:3      | Found a shimmering blue altar of Sif Muna.
  2148 | D:4      | Got a serpentine granite ring
  2149 | D:4      | Identified the ring of Alliomil {rC+ MR+} (You found it on
                  | level 4 of the Dungeon)
  2188 | D:4      | Found an opulent altar of Gozag.
  2269 | D:4      | Found a sparkling altar of Nemelex Xobeh.
  2468 | D:4      | Reached XP level 6. HP: 43/57 MP: 4/4
  2619 | D:4      | Found a glowing golden altar of the Shining One.
  2623 | D:4      | Found an iron altar of Okawaru.
  2623 | D:4      | Found an opulent altar of Gozag.
  2630 | D:4      | Reached skill level 5 in Axes
  2970 | D:5      | Entered Level 5 of the Dungeon
  3012 | D:5      | Reached skill level 5 in Shields
  3034 | D:5      | Noticed an ice beast
  3045 | D:5      | Killed an ice beast
  3045 | D:5      | Reached XP level 7. HP: 45/64 MP: 5/5
  3129 | D:5      | Reached skill level 6 in Axes
  3197 | D:5      | Found a shadowy altar of Dithmenos.
  3458 | D:5      | Found a hazy altar of Hepliaklqana.
  3614 | D:5      | Reached XP level 8. HP: 41/73 MP: 6/6
  3633 | D:5      | Reached skill level 7 in Axes
  3672 | D:5      | HP: 3/73 [ice beast (4)]
  3683 | D:5      | Reached skill level 5 in Armour
  3721 | D:5      | Reached skill level 5 in Fighting
  4218 | D:6      | Found a shimmering blue altar of Sif Muna.
  4242 | D:6      | Identified Sif Muna's Incunabulum of Summoning
  4251 | D:6      | Found an ancient bone altar of Kikubaaqudgha.
  4264 | D:6      | Found a radiant altar of Vehumet.
  4269 | D:6      | Reached skill level 8 in Axes
  4417 | D:6      | Found a glowing silver altar of Zin.
  4444 | D:6      | Noticed Sigmund
  4448 | D:6      | Gained mutation: You have sharp toenails. [potion of
                  | mutation]
  4448 | D:6      | Gained mutation: You have razor-sharp toenails. [potion of
                  | mutation]
  4448 | D:6      | Lost mutation: You have razor-sharp toenails. [potion of
                  | mutation]
  4448 | D:6      | Gained mutation: You expend magic power (3 MP) to
                  | strengthen your wands. [potion of mutation]
  4465 | D:6      | Killed Sigmund
  4465 | D:6      | Reached skill level 9 in Axes
  4708 | D:6      | Reached skill level 10 in Axes
  4708 | D:6      | Gained mutation: You passively map the area around you.
                  | [Deep Dwarf growth]
  4708 | D:6      | Reached XP level 9. HP: 58/81 MP: 6/6
  4857 | D:6      | Found a staircase to the Ecumenical Temple.
  5090 | D:7      | Reached *** piety under Makhleb
  5183 | D:7      | Noticed Dowan
  5190 | D:7      | Noticed Duvessa
  5201 | D:7      | Killed Dowan
  5208 | D:7      | Killed Duvessa
  5208 | D:7      | Reached skill level 11 in Axes
  5653 | D:8      | Noticed an eight-headed hydra
  5680 | D:7      | Reached skill level 12 in Axes
  5763 | D:8      | Noticed a death knight
  5763 | D:8      | Noticed a freezing wraith
  5763 | D:8      | Noticed a phantasmal warrior
  5763 | D:8      | Noticed a freezing wraith
  5764 | D:8      | HP: 2/81 [death knight/+0 glaive (13)]
  5767 | D:8      | Mangled by a phantasmal warrior

Levels and vault maps discovered:
D:1:      elethiomel_arrival_maze, layout_basic, minmay_misc_feat_cross,
          minmay_vboxes
D:2:      layout_basic, first_ration
D:3:      layout_rooms, nicolae_overflow_crystal_walls, makhleb_grotto_becter,
          marbit_many_paths, lemuel_blue_sif_altar
D:4:      layout_basic, grunt_temple_overflow_open,
          nemelex_xobeh_ov_fountains_minmay, grunt_gozag_statues
D:5:      layout_cave_pods, kennysheep_mini_moat, nicolae_dithmenos_the_darkroom
D:6:      layout_basic, palyth_temple_overflow_mages, kennysheep_mini,
          minmay_temple_entry_fiery, uniq_sigmund
D:7:      layout_cave_pools, uniq_duvessa
D:8:      layout_loops_ring, lair_entry_dummy, nicolae_ossuary_entry_catacombs,
          the_bakery

Skill      XL: |  1  2  3  4  5  6  7  8  9 |
---------------+----------------------------+-----
Fighting       | 3 4 5 |  5.0
Shields        | 4 5 6 |  6.1
Axes           | 3 4 5 6 10 12 | 12.0
Armour         | 4 5 |  5.1
Dodging        | |  0.4

Action                   |  1- 3 |  4- 6 |  7- 9 || total
-------------------------+-------+-------+-------++-------
Melee: War axe           |    59 |   251 |   373 ||   683
       Kick              |       |       |    49 ||    49
Throw: Dart              |       |    38 |    24 ||    62
 Abil: Heal Wounds       |     1 |     2 |     3 ||     6
  Use: Potion            |     1 |       |    13 ||    14
       Scroll            |       |       |     9 ||     9
  Eat: Chunk             |       |     7 |    11 ||    18
       Ration            |       |       |     2 ||     2
Armor: Scale mail        |    26 |    75 |       ||   101
       Chain mail        |       |    49 |    89 ||   138
       Plate armour      |       |       |    71 ||    71
Dodge: Dodged            |    24 |    62 |    84 ||   170
Block: Shield            |    35 |   128 |   186 ||   349
